 Dungeon Crawl Stone Soup version 0.29-a0-789-g7a8fcbc185 (webtiles) character file.

Game seed: 16701564389847901372

219 kevlar127 the Ruffian (level 5, -3/81 HPs)
             Began as a Troll Berserker on July 2, 2022.
             Was a Believer of Trog.
             Slain by Grinder (7 damage)
             ... on level 3 of the Dungeon.
             The game lasted 00:03:44 (1664 turns).

kevlar127 the Ruffian (Troll Berserker)             Turns: 1664, Time: 00:03:44

Health: -3/81      AC:  4    Str: 27    XL:     5   Next: 64%
Magic:  4/4        EV: 10    Int:  3    God:    Trog [**....]
Gold:   131        SH:  0    Dex:  9    Spells: 4/4 levels left

rFire   . . .      SeeInvis .     - Unarmed
rCold   . . .      Faith    .   (no shield)
rNeg    . . .      Spirit   .   a - +0 animal skin
rPois   .          Reflect  .   (helmet restricted)
rElec   .          Harm     .   (no cloak)
rCorr   .          Rampage  .   (gloves unavailable)
Will    ++...                   (boots unavailable)
Stlth   ..........              (no amulet)
HPRegen 2.03/turn               (no ring)
MPRegen 0.09/turn               (no ring)

@: berserking (expiring), strong-willed, regenerating, very quick
A: large, unfitting armour, claws 3, regeneration 1, shaggy fur 1, tough skin 1
a: Renounce Religion, Berserk, Trog's Hand


You were on level 3 of the Dungeon.
You worshipped Trog.
Trog was pleased with you.
You visited 1 branch of the dungeon, and saw 3 of its levels.

You collected 131 gold pieces.

Inventory:

Missiles
 g - 27 stones (quivered)
Armour
 a - a +0 animal skin (worn)
Scrolls
 b - 2 scrolls of poison {unknown}
 d - a scroll of vulnerability {unknown}
 e - 2 scrolls of immolation {unknown}
 f - 2 scrolls of fear {unknown}
 i - 3 scrolls of teleportation {unknown}
 m - a scroll of enchant weapon {unknown}
 n - 2 scrolls of identify {unknown}
 o - a scroll of magic mapping {unknown}
Potions
 c - a potion of flight {unknown}
 h - a potion of ambrosia {unknown}
 j - 2 potions of might {unknown}
 k - a potion of mutation {unknown}
 l - 2 potions of resistance {unknown}
 p - a potion of heal wounds {unknown}


   Skills:
 + Level 4.0 Fighting
 - Level 2.6 Dodging
 + Level 4.9 Unarmed Combat


You had 4 spell levels left.
You didn't know any spells.
Your spell library was empty.

Dungeon Overview and Level Annotations

Branches:
Dungeon (3/15)

Altars:

Annotations:
D:3 Grinder


Innate Abilities, Weirdness & Mutations

You are too large for most types of armour.
You have claws for hands.
Your natural rate of healing is unusually fast.
You are covered in fur. (AC +1)
You have tough skin. (AC +1)


Message History

Grinder hits you.
* * * LOW HITPOINT WARNING * * *
You can move again.
Your skin crawls.
You feel strong-willed. The frilled lizard bites you.
* * * LOW HITPOINT WARNING * * *
Grinder hits you but does no damage.
You barely miss Grinder.
Grinder is moderately wounded.
Unknown command.
You scratch Grinder.
Grinder is moderately wounded.
The frilled lizard closely misses you. Grinder hits you but does no damage.
A red film seems to cover your vision as you go berserk!
You feel yourself moving faster!
You feel mighty!
The frilled lizard bites you but does no damage.
Grinder blinks!
You feel a strong urge to attack something.
The frilled lizard bites you but does no damage.
The frilled lizard barely misses you. Grinder hits you!
* * * LOW HITPOINT WARNING * * *
You miss the frilled lizard. You claw the frilled lizard!
You kill the frilled lizard!
Trog accepts your kill. Grinder hits you!
* * * LOW HITPOINT WARNING * * *
You writhe in agony.
* * * LOW HITPOINT WARNING * * *
You scratch Grinder.
Grinder is heavily wounded.
Grinder hits you.
* * * LOW HITPOINT WARNING * * *
You scratch Grinder.
Grinder is heavily wounded.
You claw Grinder!
Grinder is almost dead.
Grinder hits you!
You die...

### ..## # ..[# #.#
###...### ###.###
#.......## #.....#
#.........
##.#.#.###.5.....##
#........!.@.......
#..#.#.####....####
######......###....##
#..................#
#.##......####.......
[.#.......####.....##.
.......>...........# #
..........##########
.#.#........#


You could see Grinder.

Vanquished Creatures
  Sigmund (D:2)
  2 adders (D:2)
  A dart slug (D:3)
  5 ball pythons
  3 endoplasms
  3 giant cockroaches (D:1)
  5 hobgoblins
  4 jackals (D:1)
  A quokka (D:1)
  A bat (D:1)
  6 frilled lizards
  7 goblins
  7 kobolds
  4 rats
50 creatures vanquished.

Notes
Turn   | Place    | Note
-------+----------+-------------------------------------------
     0 | D:1      | kevlar127 the Troll Berserker began the quest for the Orb.
     0 | D:1      | Reached XP level 1. HP: 22/22 MP: 0/0
   179 | D:1      | Reached XP level 2. HP: 29/29 MP: 1/1
   730 | D:1      | Reached XP level 3. HP: 36/36 MP: 2/2
  1251 | D:2      | Reached ** piety under Trog
  1272 | D:2      | Noticed Sigmund
  1280 | D:2      | Killed Sigmund
  1281 | D:2      | Reached XP level 4. HP: 48/48 MP: 3/3
  1281 | D:2      | Reached XP level 5. HP: 54/54 MP: 4/4
  1637 | D:3      | Noticed Grinder
  1639 | D:3      | Paralysed by Grinder for 2 turns
  1648 | D:3      | Paralysed by Grinder for 5 turns
  1661 | D:3      | HP: 3/81 [Grinder (6)]
  1662 | D:3      | HP: 1/81 [Grinder (3)]
  1664 | D:3      | Slain by Grinder

Illustrated notes

Levels and vault maps discovered:
D:1:      shiori_arrival_elements, layout_basic, kennysheep_crisscross,
          feat_on_display
D:2:      minmay_wonky_spiral, layout_loops_ring, minmay_curled_crystal,
          minmay_pentomino_o2, uniq_sigmund
D:3:      layout_loops_ring, nicolae_overflow_ecumenical_swirl,
          kennysheep_generic_room_13, uniq_crazy_yiuf_cottage, uniq_grinder

Skill      XL: |  1  2  3 |
---------------+----------+-----
Fighting       | 4 |  4.0
Unarmed Combat | 4 |  4.9
Dodging        | |  2.6

Action                   |  1- 3 |  4- 6 || total
-------------------------+-------+-------++-------
Melee: Unarmed           |    87 |    36 ||   123
       Punch             |     3 |       ||     3
Invok: Berserk           |       |     1 ||     1
       Trog's Hand       |       |     1 ||     1
Armor: Animal skin       |    32 |    13 ||    45
Dodge: Dodged            |    52 |    14 ||    66

Table legend: (Time is in decaauts)
 A = Elapsed time spent in this place.
 B = Non-inter-level travel time spent in this place.
 C = Inter-level travel time spent in this place.
 D = Time resting spent in this place.
 E = Time spent auto-exploring this place.
 F = Levels seen in this place.
 G = Mean time per level.
                   A        B        C        D        E       F      G
               +--------+--------+--------+--------+--------+-----+--------+
         Total |   1653 |   1552 |    101 |      0 |   1264 |   3 |  551.0 |
       Dungeon |   1653 |   1552 |    101 |      0 |   1264 |   3 |  551.0 |
               +--------+--------+--------+--------+--------+-----+--------+

Top non-repeatable levels by time:
     D:1: 900 daAuts
     D:2: 662 daAuts
     D:3: 89 daAuts
